 Dungeon Crawl Stone Soup version 0.17.1-2-g5865329 (webtiles) character file.

10335 Origami the Cleaver (level 11, -5/104 HPs)
             Began as a Hill Orc Fighter on Feb 11, 2016.
             Was a High Priest of Okawaru.
             Hit by a large rock thrown by a stone giant (37 damage)
             ... on level 10 of the Dungeon.
             The game lasted 00:46:37 (11500 turns).

Origami the Cleaver (Hill Orc Fighter)             Turns: 11500, Time: 00:46:38

Health: -5/104     AC: 21    Str: 27    XL:     11   Next: 60%
Magic:  11/11      EV: 10    Int: 13    God:    Okawaru [*****.]
Gold:   745        SH:  0    Dex: 10    Spells: 0 memorised, 10 levels left

rFire  + . .     SeeInvis +     X - +2 battleaxe (freeze)
rCold  + . .     Clarity  .     o - +0 chain mail
rNeg   . . .     SustAt   .     (shield currently unavailable)
rPois  .         Gourm    .     a - +0 helmet
rElec  .         Spirit   .     u - +0 cloak
rCorr  .         Warding  .     g - +1 pair of gloves
rMut   .         Stasis   .     Y - +2 pair of boots of Hedge Wizardry {Str+4 Int+5 SInv}
MR     .....                    (no amulet)
Stlth  ..........               b - ring of protection from fire
                                z - ring of protection from cold

@: not resistant to hostile enchantments, extremely unstealthy
A: shaggy fur 1
a: Heroism, Finesse, Renounce Religion


You were on level 10 of the Dungeon.
You worshipped Okawaru.
Okawaru was extremely pleased with you.
You were not hungry.

You visited 1 branch of the dungeon, and saw 10 of its levels.

You collected 745 gold pieces.

Inventory:

Hand Weapons
 y - a +2 flail of holy wrath
 N - a +3 flail
 P - a +0 battleaxe
 U - a +2 flail of draining
 X - a +2 battleaxe of freezing (weapon)
Armour
 a - a +0 helmet (worn)
 g - a +1 pair of gloves (worn)
 o - a +0 chain mail (worn)
 u - a +0 cloak (worn)
 L - a +0 plate armour
 W - the cursed +0 chain mail of Music {*Drain rN+++ MP-9 SInv}
   (You found it on level 10 of the Dungeon)

   It renders you almost immune to negative energy.
   It affects your magic capacity (-9).
   It lets you see invisible.
   It causes draining when unequipped.
   It has a curse placed upon it.
 Y - the +2 pair of boots of Hedge Wizardry (worn) {Str+4 Int+5 SInv}
   (Okawaru gifted it to you on level 10 of the Dungeon)

   It affects your strength (+4).
   It affects your intelligence (+5).
   It lets you see invisible.
Jewellery
 b - a ring of protection from fire (right hand)
 z - a ring of protection from cold (left hand)
 C - an uncursed ring of wizardry
 F - an uncursed amulet of guardian spirit
 I - an uncursed ring of ice
 M - an uncursed ring of positive energy
 R - a cursed ring of loudness {unknown}
Wands
 p - a wand of magic darts (10)
 G - a wand of flame (32)
 O - a wand of draining (6)
 S - a wand of disintegration (7)
 T - a wand of draining (2)
Scrolls
 c - 3 scrolls of remove curse
 i - 2 scrolls of amnesia
 l - 2 scrolls of recharging
 n - 3 scrolls of identify
 t - 2 scrolls of blinking
 x - 3 scrolls of enchant weapon
 B - 3 scrolls of teleportation
 E - a scroll of holy word {unknown}
 H - 3 scrolls of fog
 V - a scroll of torment {unknown}
Potions
 d - a potion of might
 k - 2 potions of magic
 q - a potion of cure mutation
 s - a potion of haste
 v - a potion of flight
 A - a potion of brilliance
 D - 3 potions of curing {unknown}
 J - a potion of cancellation
Books
 h - an Akashic Record

   Spells                             Type                      Level
   a - Dispersal                      Translocation                6
   b - Malign Gateway                 Summoning/Translocation      7
   c - Disjunction                    Translocation                8
   d - Controlled Blink               Translocation                8
 w - a book of Frost

   Spells                             Type                      Level
   a - Freeze                         Ice                          1
   b - Throw Frost                    Conjuration/Ice              2
   c - Ozocubu's Armour               Charms/Ice                   3
   d - Throw Icicle                   Conjuration/Ice              4
   e - Summon Ice Beast               Ice/Summoning                4
   f - Condensation Shield            Ice                          4
Comestibles
 e - 10 bread rations
 f - 8 meat rations
 j - 2 slices of pizza
 r - a beef jerky
 K - 12 fruits


   Skills:
 * Level 12.0 Fighting
 * Level 14.8 Axes
 + Level 9.6 Armour
 + Level 3.5 Dodging
 - Level 0.3 Stealth
   Level 3.2 Shields


You had 10 spell levels left.
You didn't know any spells.

Dungeon Overview and Level Annotations

Branches:
Dungeon (10/15)            Temple (0/1) D:7            Lair (0/8) D:8
    Orc (0/4) D:9

Altars:
Cheibriados
Elyvilon
Fedhas
Gozag
Makhleb
Nemelex Xobeh
Okawaru
Qazlal
Xom
Yredelemnul
The Shining One


Innate Abilities, Weirdness & Mutations

You are covered in fur (AC +1).


Message History

The deep elf priest invokes the aid of its god against you.
Something smites you!
You hit the deep elf priest. You freeze the deep elf priest.
The deep elf priest is severely wounded.
The deep elf priest mumbles some strange prayers to its god against you.
Something smites you!
You closely miss the deep elf priest.
The deep elf priest is severely wounded.
The deep elf priest barely misses you.
You chop the deep elf priest into pieces!!!
You freeze the deep elf priest.
You kill the deep elf priest!
Okawaru accepts your kill.
The stone giant throws a large rock.
The large rock hits you!!
* * * LOW HITPOINT WARNING * * *
There is an open door here.
There is an open door here.
You see here a +0 pair of boots.
The stone giant throws a large rock.
The large rock hits you!!!
You die...

..'.#########'##### #........#
..#.....#.........# #..).....#
..#####.+.........## #........#
..# #.#..........####........##
..# #..)......)....[#).......##
..# #..##########.#.)).......'.
### #..'..#..#..#.###).......##
#..#..'..'..#.# ######'###
##.#######@##.# #)# #.#..+ #..#.#
####.### ### #.#.$# #..#.#
#......# ..# #.##)####[##.#
#......# ..######.#..(.8C..#.##
#......#
..'...#..#..#8.#..#..####......##
..###.'..##########..##........[.
..# ###......(..........#......##
..# #...........#######.....>#


You could see a stone giant.

Vanquished Creatures
  A frost giant (D:10)
  Erolcha (D:8)
  The ghost of antares the Thaumaturge, a novice DEWz of Elyvilon (D:8)
  Maurice (D:9)
  A komodo dragon (D:8)
  2 centaur skeletons (D:10)
  A tengu conjurer (D:10)
  A deep elf priest (D:10)
  A wyvern (D:8)
  A spriggan (D:8)
  5 yaks (D:9)
  A deep elf mage (D:7)
  Grum (D:8)
  A deep elf fighter (D:7)
  A steam dragon (D:8)
  3 wolves (D:8)
  The ghost of TugoseryaHuesosov the Insei, an amateur DsWz (D:7)
  Edmund (D:3)
  6 orc warriors
  2 ice beasts (D:9)
  2 phantoms
  4 sky beasts
  6 ogres
  A big kobold (D:8)
  A crocodile (D:10)
  4 centaurs
  A brain worm (D:10)
  6 giant frogs
  A vampire bat (D:5)
  3 scorpions
  4 killer bees
  6 hounds
  A centaur zombie (D:5)
  A giant frog zombie (D:6)
  5 crimson imps
  An orc wizard (D:9)
  5 iguanas
  9 worker ants
  A killer bee zombie (D:9)
  A hound zombie (D:8)
  3 worker ant zombies
  A hound skeleton (D:4)
  20 adders
  4 gnolls (D:3)
  2 shadow imps
  2 oozes
  An adder skeleton (D:8)
  A worm (D:3)
  8 giant geckos
  33 orcs
  7 giant cockroaches
  16 goblins
  10 hobgoblins
  13 jackals
  11 kobolds
  6 quokkas
  2 ball pythons
  13 bats
  A giant gecko skeleton (D:4)
  8 giant newts
  2 gnoll zombies (D:7)
  A jackal skeleton (D:9)
  A jackal zombie (D:6)
  A quokka zombie (D:6)
  8 rats (D:1)
  A plant (D:8)
272 creatures vanquished.

Vanquished Creatures (others)
  A plant (D:8)
1 creature vanquished.

Grand Total: 273 creatures vanquished

Notes
Turn   | Place    | Note
--------------------------------------------------------------
     0 | D:1      | Origami the Hill Orc Fighter began the quest for the Orb.
     0 | D:1      | Reached XP level 1. HP: 19/19 MP: 1/1
   131 | D:1      | Reached skill level 4 in Fighting
   131 | D:1      | Reached XP level 2. HP: 27/27 MP: 2/2
   341 | D:1      | Reached XP level 3. HP: 34/34 MP: 3/3
  1071 | D:2      | Reached XP level 4. HP: 41/41 MP: 4/4
  1381 | D:3      | Reached skill level 1 in Dodging
  1412 | D:3      | Reached skill level 5 in Fighting
  1462 | D:3      | Found a faded altar to an unknown god.
  1718 | D:3      | Found an opulent altar of Gozag.
  1740 | D:3      | Found a white marble altar of Elyvilon.
  1771 | D:3      | Found an iron altar of Okawaru.
  1775 | D:3      | Became a worshipper of Warmaster Okawaru
  1811 | D:3      | Reached XP level 5. HP: 24/48 MP: 5/5
  2153 | D:3      | Found a burning altar of Makhleb.
  2572 | D:4      | Noticed Edmund
  2572 | D:4      | Noticed an ogre
  2862 | D:3      | Killed an ogre
  2862 | D:3      | Reached XP level 6. HP: 56/56 MP: 6/6
  2890 | D:3      | Killed Edmund
  2890 | D:3      | Reached * piety under Okawaru
  2890 | D:3      | Reached skill level 5 in Axes
  2890 | D:3      | Reached skill level 5 in Armour
  3265 | D:4      | Noticed an ogre
  3270 | D:4      | Killed an ogre
  3270 | D:4      | Reached skill level 6 in Fighting
  3270 | D:4      | Reached XP level 7. HP: 60/63 MP: 7/7
  3335 | D:4      | Noticed a sky beast
  3370 | D:4      | Killed a sky beast
  4175 | D:5      | Entered Level 5 of the Dungeon
  4669 | D:5      | Reached XP level 8. HP: 32/71 MP: 5/8
  5032 | D:5      | Reached skill level 7 in Fighting
  5047 | D:5      | Reached ** piety under Okawaru
  5544 | D:6      | Found a sparkling altar of Nemelex Xobeh.
  5547 | D:6      | Found a shimmering altar of Xom.
  5547 | D:6      | Found a snail-covered altar of Cheibriados.
  5547 | D:6      | Found a glowing golden altar of the Shining One.
  5554 | D:6      | Reached skill level 8 in Axes
  5950 | D:6      | Reached XP level 9. HP: 81/81 MP: 9/9
  6063 | D:7      | Found a staircase to the Ecumenical Temple.
  6072 | D:7      | Reached skill level 9 in Axes
  6187 | D:7      | Found a basalt altar of Yredelemnul.
  6294 | D:7      | Noticed TugoseryaHuesosov's ghost (amateur DsWz)
  6306 | D:7      | Killed TugoseryaHuesosov's ghost
  6327 | D:7      | Found a blossoming altar of Fedhas.
  6329 | D:7      | Found a stormy altar of Qazlal.
  6738 | D:7      | Reached *** piety under Okawaru
  6947 | D:8      | Reached skill level 10 in Axes
  7123 | D:8      | Noticed Erolcha
  7128 | D:8      | Paralysed by Erolcha for 4 turns
  7137 | D:8      | Killed Erolcha
  7137 | D:8      | Reached **** piety under Okawaru
  7137 | D:8      | Reached skill level 11 in Axes
  7443 | D:8      | Noticed Grum
  7458 | D:8      | Reached XP level 10. HP: 68/91 MP: 10/10
  7478 | D:8      | Killed Grum
  7776 | D:8      | Noticed antares's ghost (novice DEWz)
  7780 | D:8      | Noticed a komodo dragon
  7799 | D:8      | Killed a komodo dragon
  7799 | D:8      | Reached skill level 10 in Fighting
  7802 | D:8      | Killed antares's ghost
  7802 | D:8      | Reached skill level 12 in Axes
  8101 | D:8      | Gained mutation: You are covered in fur (AC +1). [potion of beneficial mutation]
  8698 | D:8      | Found a staircase to the Lair.
  8860 | D:9      | Found a staircase to the Orcish Mines.
  9085 | D:9      | Reached ***** piety under Okawaru
  9443 | D:9      | Reached skill level 13 in Axes
  9462 | D:9      | Noticed Maurice
  9505 | D:9      | Killed Maurice
  9540 | D:9      | Reached XP level 11. HP: 74/102 MP: 11/11
 10267 | D:10     | Entered Level 10 of the Dungeon
 10540 | D:10     | Reached skill level 14 in Axes
 10867 | D:10     | Got a spiked chain mail
 10876 | D:10     | Identified the cursed +0 chain mail of Music {*Drain rN+++ MP-9 SInv} (You found it on level 10 of the Dungeon)
 10977 | D:10     | Found a runed door.
 10984 | D:10     | Noticed a frost giant
 11310 | D:10     | Killed a frost giant
 11369 | D:10     | Received a gift from Okawaru
 11370 | D:10     | Got a pair of polished boots {god gift}
 11371 | D:10     | Identified the +2 pair of boots of Hedge Wizardry {Str+4 Int+5 SInv} (Okawaru gifted it to you on level 10 of the Dungeon)
 11486 | D:10     | Noticed a stone giant
 11500 | D:10     | Hit by a large rock thrown by a stone giant

Action                   |  1- 3 |  4- 6 |  7- 9 | 10-12 || total
-------------------------+-------+-------+-------+-------++-------
Melee: War axe           |    95 |   168 |   434 |   265 ||   962
       Battleaxe         |       |       |       |   142 ||   142
Invok: Heroism           |       |       |     2 |     5 ||     7
       Finesse           |       |       |       |     1 ||     1
  Use: Scroll            |     5 |     6 |     9 |     4 ||    24
       Potion            |     1 |     3 |     1 |     9 ||    14
  Eat: Chunk             |       |     5 |     8 |     5 ||    18
       Bread ration      |       |     1 |     1 |       ||     2
       Meat ration       |       |       |       |     2 ||     2
